 Dungeon Crawl Stone Soup version 0.10.4 character file.

1429 JackS81 the Spear-Bearer (level 8, -16/58 HPs)
             Began as a Merfolk Death Knight on Sept 23, 2017.
             Was a Priest of Yredelemnul.
             Demolished by an ice beast (24 damage)
             ... on Level 7 of the Dungeon.
             The game lasted 00:40:27 (6944 turns).

JackS81 the Spear-Bearer (Merfolk Death Knight)     Turns: 6944, Time: 00:40:28

HP -16/58        AC  6     Str 16      XL: 8   Next: 39%
MP  17/17        EV 13     Int 10      God: Yredelemnul [***...]
Gold 262         SH  0     Dex 13      Spells:  0 memorised,  7 levels left

Res.Fire  : + . .   See Invis. : +   a - +1,-3 spear {=f}
Res.Cold  : x . .   Warding    : . . x - +2 leather armour
Life Prot.: . . .   Conserve   : .   (no shield)
Res.Acid. : . . .   Res.Corr.  : .   (no helmet)
Res.Poison: .       Clarity    : .   m - +0 cloak
Res.Elec. : .       Spirit.Shd : .   (no gloves)
Sust.Abil.: . .     Stasis     : .   (no boots)
Res.Mut.  : .       Ctrl.Telep.: .   (no amulet)
Res.Rott. : .       Levitation : .   G - ring of fire
Saprovore : . . .   Ctrl.Flight: .   B - ring of see invisible

@: slightly resistant to hostile enchantments, unstealthy
A: change form in water, swift swim
a: Animate Dead, Recall Undead Slaves, Injury Mirror, Renounce Religion


You were on level 7 of the Dungeon.
You worshipped Yredelemnul.
Yredelemnul was greatly pleased with you.
You were not hungry.

You visited 1 branch of the dungeon, and saw 7 of its levels.
You visited 1 portal chamber: sewer.

You collected 242 gold pieces.

Inventory:

Hand weapons
 a - a +1,-3 spear (weapon) {=f}
 l - a +1,+2 sling of flame
 N - a +1,+0 spear of dragon slaying
 O - a +2 elven blowgun
Missiles
 j - 42 +0 arrows
 o - a +0 throwing net (quivered)
 t - 14 silver +0 sling bullets
 v - 29 poisoned +0 needles
 H - 2 curare-tipped +0 needles
 K - 25 +2 bolts
Armour
 b - a +0 leather armour
 e - a +0 ring mail
 m - a +0 cloak (worn)
 q - a +2 orcish splint mail
 x - a +2 leather armour (worn)
Magical devices
 M - a wand of paralysis (8)
Comestibles
 c - 10 bread rations
 C - 3 meat rations
Scrolls
 d - 2 scrolls of identify
 h - 4 scrolls of remove curse
 i - 6 scrolls of detect curse
 k - 3 scrolls of teleportation
 n - a scroll of curse armour {unknown}
 r - a scroll of enchant weapon II {unknown}
 w - a scroll of amnesia {unknown}
 y - 2 scrolls of enchant weapon I {unknown}
 A - a scroll of fear
 I - a scroll of blinking
 L - 3 scrolls of magic mapping
Jewellery
 g - an uncursed ring of wizardry
 p - an uncursed ring of magical power
 B - a ring of see invisible (left hand)
 G - a ring of fire (right hand)
Potions
 f - 5 potions of curing
 s - a potion of speed
 u - a potion of restore abilities
 D - a potion of levitation {unknown}
 E - 2 potions of magic
 J - a potion of porridge {unknown}


   Skills:
 * Level 3.9 Fighting
 + Level 10.9 Polearms
 - Level 0.6 Armour
 * Level 4.8 Dodging
 + Level 6.5 Invocations


You had 7 spell levels left.
You didn't know any spells.

Dungeon Overview and Level Annotations

Branches:
Dungeon (7/27)             Temple (0/1) D:6
    Orc: D:6-11

Altars:
Cheibriados
Sif Muna
Vehumet
Xom
Yredelemnul

Shops:
D:6: +


Message History

One of your 6 potions of curing freezes and shatters!
You hit the ice beast.
The ice beast is heavily wounded.
The ice beast barely misses you.
You hit the ice beast but do no damage.
The ice beast is heavily wounded.
You are feeling hungry.
You barely miss the ice beast.
The ice beast is heavily wounded.
The ice beast hits you. The ice beast freezes you!
Your inky potion freezes and shatters!
* * * LOW HITPOINT WARNING * * *
You closely miss the ice beast.
The ice beast is heavily wounded.
Drink which item? (? for menu, Esc to quit)
You feel refreshed. The ice beast hits you.
* * * LOW HITPOINT WARNING * * *
The ice beast freezes you!
You die...
Your body rises from the dead as a mindless zombie.

#.# #.# # #.#.#
###### #>#.#
#..... ##.#.##
#....I #.....#
#..... #.<...#
.##.....##.....#
........I@.....#
.##.....##.....#
#....( #.....#
#..... ##.##.#
##.### #.. ...
#. ####.## #


You could see an ice beast.

Vanquished Creatures
  An orc warrior (D:6)
  3 giant frogs
  Blork the orc (D:5)
  2 hounds (D:6)
  2 big kobold skeletons (D:6)
  A scorpion (D:6)
  5 orc wizards
  2 jellies
  Ijyb (D:2)
  A green rat (Port)
  14 adders
  A sheep (D:3)
  An iguana skeleton (D:5)
  3 worms
  4 giant mites
  17 grey rats (Port)
  3 giant geckos
  10 orcs
  7 giant cockroaches
  8 goblins
  10 hobgoblins
  3 jackals (D:6)
  12 kobolds
  4 quokkas
  10 ball pythons
  10 bats
  5 giant newts
  2 orc skeletons (D:5)
  17 rats
  2 toadstools
162 creatures vanquished.

Vanquished Creatures (collateral kills)
  A centaur (D:6)
  A crimson imp (D:6)
  A hound (D:6)
  2 orc wizards
  A jelly (D:3)
  A giant mite (D:4)
  A green rat (Port)
  A worm (D:6)
  7 orcs
  2 hobgoblins
  2 kobolds
  2 ball pythons (Port)
  A goblin (D:2)
  3 rats (Port)
26 creatures vanquished.

Vanquished Creatures (others)
  A centaur zombie (D:6)
  A giant frog zombie (D:6)
  2 adder zombies
  An orc zombie (D:6)
  A green rat zombie (Port)
  A giant mite zombie (D:4)
  3 jackals (D:6)
  A giant cockroach zombie (D:5)
  A goblin (D:1)
  A goblin zombie (D:2)
  4 grey rat zombies (Port)
  2 hobgoblin zombies
  A jackal zombie (D:6)
  A kobold zombie (D:3)
  A rat (D:2)
  2 toadstools (D:3)
24 creatures vanquished.

Grand Total: 212 creatures vanquished

Notes
Turn   | Place    | Note
--------------------------------------------------------------
     0 | D:1      | JackS81, the Merfolk Death Knight, began the quest for the Orb.
     0 | D:1      | Reached XP level 1. HP: 16/16 MP: 2/2
   303 | D:1      | Reached skill level 4 in Polearms
   303 | D:1      | Reached XP level 2. HP: 22/22 MP: 4/4
   520 | D:1      | Reached skill level 5 in Polearms
   997 | D:2      | Reached XP level 3. HP: 27/27 MP: 5/5
  1101 | D:2      | Reached skill level 6 in Polearms
  1446 | D:2      | Noticed Ijyb
  1476 | D:2      | Killed Ijyb
  1476 | D:2      | Reached skill level 7 in Polearms
  1756 | D:3      | Acquired Yredelemnul's second power
  1813 | D:3      | Reached XP level 4. HP: 34/34 MP: 7/7
  1862 | D:3      | Reached skill level 8 in Polearms
  2020 | D:3      | Found a shimmering altar of Xom.
  2643 | D:3      | Reached XP level 5. HP: 39/39 MP: 9/9
  3148 | D:4      | Reached skill level 9 in Polearms
  3440 | D:4      | Found a glowing drain. 3474
                  | sewer
                  | Entered the sewers 3638
                  | sewer
                  | Reached XP level 6. HP: 45/45 MP: 11/11 3847
                  | sewer
                  | Reached skill level 5 in Invocations 4000
                  | sewer
                  | Acquired Yredelemnul's third power 4010
                  | sewer
                  | Reached skill level 10 in Polearms 4047
                  | sewer
                  | Reached XP level 7. HP: 27/50 MP: 12/14
  4930 | D:5      | Entered Level 5 of the Dungeon
  5142 | D:5      | Noticed Blork the orc
  5179 | D:5      | Killed Blork the orc
  5182 | D:5      | Found a deep blue altar of Sif Muna.
  5617 | D:6      | Found a staircase to the Ecumenical Temple.
  6136 | D:6      | Found a radiant altar of Vehumet.
  6166 | D:6      | Found Crizeism's Book Emporium.
  6222 | D:6      | Reached XP level 8. HP: 46/58 MP: 17/17
  6451 | D:6      | Found a snail-covered altar of Cheibriados.
  6840 | D:6      | Found a basalt altar of Yredelemnul.
  6944 | D:7      | Demolished by an ice beast
